 Dungeon Crawl Stone Soup version 0.29-a0-885-gb26ba3297d (webtiles) character file.

Game seed: 14806106451068472078

145 PimpSugar the Magician (level 5, -2/37 HPs)
             Began as a Demonspawn Hedge Wizard on July 21, 2022.
             Succumbed to an orc's poison
             ... on level 4 of the Dungeon.
             The game lasted 00:17:29 (3513 turns).

PimpSugar the Magician (Demonspawn Hedge Wizard)    Turns: 3513, Time: 00:17:30

Health: -2/37      AC:  5    Str: 10    XL:     5   Next: 6%
Magic:  5/10       EV: 11    Int: 18    God:
Gold:   50         SH:  0    Dex: 12    Spells: 2/11 levels left

rFire   . . .      SeeInvis .   v - staff of earth
rCold   . . .      Faith    .   (no shield)
rNeg    . . .      Spirit   .   m - +0 leather armour
rPois   .          Reflect  .   c - +0 hat
rElec   .          Harm     .   (no cloak)
rCorr   .          Rampage  .   (no gloves)
Will    .....                   (no boots)
Stlth   ++........              (no amulet)
HPRegen 0.12/turn               (no ring)
MPRegen 0.24/turn               (no ring)

@: lethally poisoned (-2 -> -21)
A: thin metallic scales 1, magic regeneration
a: no special abilities


You were on level 4 of the Dungeon.
You visited 1 branch of the dungeon, and saw 4 of its levels.

You collected 230 gold pieces.
You spent 180 gold pieces at shops.

Inventory:

Hand Weapons
 a - a +0 dagger
 l - a +1 dagger of venom
 n - the +6 spear of Dissent {speed, *Corrode rElec rPois rF+}
   (You found it on level 2 of the Dungeon)

   Attacks with this weapon are significantly faster.
   rF:        It protects you from fire.
   rElec:     It insulates you from electricity.
   rPois:     It protects you from poison.
   *Corrode:  It may corrode you when you take damage.
 o - a +0 short sword of electrocution
Missiles
 e - 7 poisoned darts
 h - 31 stones
 t - 6 boomerangs (quivered)
Armour
 b - a +0 robe
 c - a +0 hat (worn)
 m - a +0 leather armour (worn)
 w - a +2 tower shield
Magical Staves
 v - a staff of earth (weapon)
Jewellery
 k - an amulet of faith
Scrolls
 p - a scroll of teleportation
 u - 2 scrolls of poison {unknown}
 x - a scroll of blinking {unknown}
 y - a scroll of enchant armour {unknown}
Potions
 d - a potion of magic
 g - a potion of degeneration
 i - a potion of heal wounds {unknown}
 q - a potion of ambrosia {unknown}
 r - 2 potions of mutation
 s - a potion of brilliance {unknown}


   Skills:
 + Level 1.1 Fighting
 + Level 2.3 Dodging
 - Level 2.1 Stealth
 * Level 3.8 Spellcasting
 * Level 2.1 Conjurations
 + Level 1.6 Summonings
 + Level 1.6 Translocations
 + Level 0.2 Earth Magic
 + Level 0.0 Evocations


You had 2 spell levels left.
You knew the following spells:

 Your Spells              Type           Power      Damage    Failure   Level
a - Magic Dart            Conj           44%        1d5       9%          1
b - Call Imp              Summ           9%         N/A       16%         2
c - Stone Arrow           Conj/Erth      22%        3d8       36%         3
d - Sandblast             Erth           12%        2d6       19%         1
e - Passwall              Tmut/Erth      4%         N/A       28%         2

Your spell library contained the following spells:

 Spells                   Type           Power      Damage    Failure   Level
 Blink                    Tloc           18%        N/A       16%         2
 Beastly Appendage        Tmut           6%         N/A       21%         1
 Slow                     Hex            12%        N/A       21%         1
 Wereblood                Tmut           3%         N/A       30%         2
 Conjure Flame            Conj/Fire      7%         6-21      36%         3
 Mephitic Cloud           Conj/Pois/Air  6%         N/A       41%         3
 Spider Form              Tmut/Pois      3%         N/A       52%         3
 Animate Armour           Summ/Erth      20%        N/A       80%         4
 Lehudib's Crystal Spear  Conj/Erth      5%         10d3      100%        8


Dungeon Overview and Level Annotations

Branches:
Dungeon (4/15)
 Temple: D:4-7

Altars:
Xom

Shops:
D:2 :


Innate Abilities, Weirdness & Mutations

You are partially covered in thin metallic scales. (AC +2)
You regenerate magic rapidly.


Message History

You struggle against the net.
You tear a large gash into the net.
You struggle against the net.
Casting: Stone Arrow (quite dangerous; 36% risk of failure)
Confirm with . or Enter, or press ? or * to list all spells.
A beastly little devil appears in a puff of flame.
The orc priest looks satisfied for a moment.
The gnoll hits you with a +0 whip!
As you read the scroll of teleportation, it crumbles to dust.
You feel strangely unstable. The gnoll hits you with a +0 whip!
The orc priest invokes the aid of Beogh against you.
Beogh smites you!
* * * LOW HITPOINT WARNING * * *
You hear a shout!
As you read the scroll labelled SUJEOG ZASORHA, it crumbles to dust.
It is a scroll of identify.
f - a potion of curing The gnoll hits you with a +0 whip.
* * * LOW HITPOINT WARNING * * *
The orc hits your crimson imp with a +2 whip of venom.
Your crimson imp barely misses the orc.
You feel better.
The orc hits you with a +2 whip of venom.
You are poisoned.
The gnoll hits you with a +0 whip.
* * * LOW HITPOINT WARNING * * *
Your crimson imp hits the orc.
Your magical contamination has completely faded away.
As you read the scroll of identify, it crumbles to dust.
g - a potion of degeneration You feel sick.
The gnoll hits you with a +0 whip.
* * * LOW HITPOINT WARNING * * *
The orc hits you with a +2 whip of venom.
* * * LOW HITPOINT WARNING * * *
You are more poisoned.
Your crimson imp barely misses the orc.
As you read the scroll of identify, it crumbles to dust.
r - 2 potions of mutation Your surroundings suddenly seem different.
You die...

#.##.##.###.#####.# #.#
#.##.....##....>..#####.####
#.#####..###########.......#
#.#####..# #.##.##.#
#......>.# #.##.##.#
########.######## #.#..##.#
#.##.....# ##.#.###.#
#.##.....# #........#
#.##...@.###......^.#
#.##.....##......#.##
#.##.....##...#..# #
#.####.####..###.... #####.#
#........# ...#. #.....#
####....## ..... #.#####
##....## .... ######.##
#####......# ... #.......#
##.........##


There were no monsters in sight!

Vanquished Creatures
  4 adders
  A white imp (D:4)
  3 worms
  A dart slug (D:4)
  An orc (D:4)
  6 bats
  3 endoplasms (D:3)
  3 giant cockroaches (D:3)
  8 goblins
  5 hobgoblins
  4 jackals (D:3)
  2 quokkas
  8 ball pythons
  5 frilled lizards
  7 kobolds
  6 rats
67 creatures vanquished.

Vanquished Creatures (collateral kills)
  An adder (D:2)
  A dart slug (D:2)
  An orc (D:3)
  A goblin (D:1)
  A hobgoblin (D:1)
  2 kobolds
  A quokka (D:1)
  A ball python (D:2)
  A bat (D:1)
  2 rats
12 creatures vanquished.

Grand Total: 79 creatures vanquished

Notes
Turn   | Place    | Note
-------+----------+-------------------------------------------
     0 | D:1      | PimpSugar the Demonspawn Hedge Wizard began the quest for
                  | the Orb.
     0 | D:1      | Reached XP level 1. HP: 13/13 MP: 4/4
   160 | D:1      | Reached skill level 1 in Translocations
   285 | D:1      | Gained mutation: You are partially covered in thin metallic
                  | scales. (AC +2) [demonic ancestry]
   285 | D:1      | Reached XP level 2. HP: 19/19 MP: 1/6
   326 | D:1      | Learned a level 2 spell: Call Imp
  1396 | D:2      | Gained mutation: You regenerate magic rapidly. [demonic
                  | ancestry]
  1396 | D:2      | Reached XP level 3. HP: 25/25 MP: 0/7
  1402 | D:2      | Found a shimmering altar of Xom.
  1448 | D:2      | Found Botsemer's Book Shop.
  1817 | D:2      | Found a faded altar of an unknown god.
  1822 | D:2      | Identified the +6 spear of Dissent {speed, *Corrode rElec
                  | rPois rF+}
  1928 | D:2      | Learned a level 3 spell: Stone Arrow
  2080 | D:2      | Reached XP level 4. HP: 31/31 MP: 7/9
  2646 | D:3      | Reached skill level 1 in Fighting
  3277 | D:4      | Reached XP level 5. HP: 37/37 MP: 6/10
  3385 | D:2      | Bought a book of Geomancy for 180 gold pieces
  3392 | D:2      | Learned a level 1 spell: Sandblast
  3395 | D:2      | Learned a level 2 spell: Passwall
  3513 | D:4      | Succumbed to an orc's poison

Illustrated notes

Levels and vault maps discovered:
D:1:      dpeg_arrival_pits, layout_basic, amethyst_killhole
D:2:      layout_basic, basic_altar, serial_shops, nicolae_shop_waterfront,
          ebering_ecumenical_altar_box, grunt_decor_mini_mirrors
D:3:      layout_loops_ring, hangedman_decor_points,
          chequers_serial_rivers_small_b
D:4:      layout_loops_cross, mainiacjoe_overflow_alcove_2,
          minmay_misc_feat_chi, nicolae_figureground_sparkle

Skill      XL: |  1  2  3  4 |
---------------+-------------+-----
Translocations | 1 |  1.6
Dodging        | 2 |  2.3
Stealth        | 2 |  2.1
Fighting       | 1 |  1.1
Conjurations   | 2 |  2.1
Spellcasting   | |  3.8
Summonings     | |  1.6
Earth Magic    | |  0.2

Action                   |  1- 3 |  4- 6 || total
-------------------------+-------+-------++-------
Melee: Dagger            |    67 |       ||    67
       Spear             |    11 |    45 ||    56
       Staff             |       |     1 ||     1
       Punch             |       |     1 ||     1
 Cast: Magic Dart        |    56 |    25 ||    81
       Call Imp          |    13 |     8 ||    21
       Stone Arrow       |       |     9 ||     9
       Sandblast         |       |     1 ||     1
  Use: Scroll            |     4 |     4 ||     8
       Potion            |       |     1 ||     1
 Stab: Distracted        |       |     1 ||     1
       Sleeping          |       |     1 ||     1
Armor: Robe              |    19 |       ||    19
       Leather armour    |     7 |    11 ||    18
Dodge: Dodged            |    59 |    16 ||    75

Table legend: (Time is in decaauts)
 A = Elapsed time spent in this place.
 B = Non-inter-level travel time spent in this place.
 C = Inter-level travel time spent in this place.
 D = Time resting spent in this place.
 E = Time spent auto-exploring this place.
 F = Levels seen in this place.
 G = Mean time per level.
                   A        B        C        D        E       F      G
               +--------+--------+--------+--------+--------+-----+--------+
         Total |   3495 |   3204 |    291 |    308 |   1959 |   4 |  873.8 |
       Dungeon |   3495 |   3204 |    291 |    308 |   1959 |   4 |  873.8 |
               +--------+--------+--------+--------+--------+-----+--------+

Top non-repeatable levels by time:
     D:1: 1359 daAuts
     D:2: 926 daAuts
     D:3: 895 daAuts
     D:4: 314 daAuts
